Sharks vs Oilers

Created - May 4, 2024 at 21:57

Goals
1 2 3 OT1 T
Sharks 1 0 1 1 3
Oilers 1 0 1 0 2
Shots
1 2 3 OT1 T
Sharks 13 8 6 7 34
Oilers 11 22 17 9 59

1st period

1. Oilers , Auston Matthews 1 (Brad Marchand 3, Rasmus Andersson 1) at 5:14
2. Sharks , Jakub Vrana 1 (Phillip Danault 1, Artturi Lehkonen 3) at 13:00

Penalties :
Yanni Gourde (EDM) for Roughing (Minor) at 13:48, Mattias Ekholm (SJS) for Roughing (Minor) at 13:48, Matthew Benning (EDM) for Cross-checking (Minor) at 18:47

2nd period

No Goal

Penalties :
Ivan Provorov (SJS) for Tripping (Minor) at 3:11, Kevin Shattenkirk (SJS) for Slashing (Minor) at 8:47, John Tavares (SJS) for Hooking (Minor) at 14:33

3rd period

3. Oilers , Sam Reinhart 3 (Matthew Benning 3, Connor McDavid 4) at 1:20
4. Sharks , Noah Hanifin 1 (Patrice Bergeron 3, Mattias Ekholm 3) at 9:54

Penalties :
Ivan Provorov (SJS) for Hooking (Minor) at 2:11, J.T. Miller (EDM) for High sticking (Minor) at 5:50

Overtime #1

5. Sharks , Nikita Kucherov 3 (Alex Ovechkin 2, Sidney Crosby 4) at 8:52

Penalties :
J.T. Miller (EDM) for Roughing (Minor) at 5:06

Goalie Stats

Akira Schmid (SJS), 57 saves from 59 shots - (0.966), W, 3-1-0, 68:53 minutes
Connor Hellebuyck (EDM), 31 saves from 34 shots - (0.912), OTL, 1-2-2, 68:53 minutes

Players Stats for Sharks

Player Name              G  A  P  +/- PIM S  H  SB GA TA FO     MP     PP MP  PK MP  
------------------------------------------------------------------------------------
Alex Ovechkin            0  1  1   1  0   1  1  0  0  0  1/4    21:14   3:43   0:00 
Alexander Edler          0  0  0  -2  0   0  2  2  0  0  0/0    21:25   0:00   4:05 
Artturi Lehkonen         0  1  1   0  0   10 1  0  0  0  0/2    23:18   2:14   0:20 
Colton Sissons           0  0  0  -1  0   3  1  0  0  0  0/2    14:19   0:00   2:05 
Guillaume Brisebois      0  0  0  -2  0   1  2  1  0  0  0/0    20:32   0:00   3:51 
Ivan Provorov            0  0  0   1  4   2  2  5  0  0  0/0    24:08   3:43   2:00 
Jakub Vrana              1  0  1   1  0   1  0  0  0  0  0/0     8:30   0:00   0:00 
John Tavares             0  0  0   0  2   2  2  0  0  0  1/5    19:39   2:14   0:00 
Kevin Shattenkirk        0  0  0   1  2   1  2  3  0  0  0/0    20:40   2:14   0:00 
Mattias Ekholm           0  1  1   1  2   1  1  0  0  0  0/0    17:33   0:00   0:00 
Nikita Kucherov          1  0  1   1  0   1  0  1  0  0  0/1    20:33   3:43   0:00 
Niko Mikkola             0  0  0   1  0   0  0  1  0  0  0/0     3:44   0:00   2:05 
Noah Hanifin             1  0  1   2  0   2  0  2  0  0  0/0    25:57   2:14   3:51 
Patrice Bergeron         0  1  1   0  0   1  0  1  0  0  13/20  21:54   3:43   2:05 
Phillip Danault          0  1  1   1  0   0  2  1  0  0  14/23  14:01   0:00   5:31 
Ryan O'Reilly            0  0  0  -1  0   5  0  1  0  0  14/26  20:19   2:14   5:51 
Sidney Crosby            0  1  1   1  0   1  0  0  0  0  13/25  20:33   3:43   0:00 
Zach Hyman               0  0  0   0  0   2  3  0  0  0  0/2    16:06   0:00   0:00 

Players Stats for Oilers

Player Name              G  A  P  +/- PIM S  H  SB GA TA FO     MP     PP MP  PK MP  
------------------------------------------------------------------------------------
Andre Burakovsky         0  0  0  -1  0   2  0  0  0  0  1/3    14:34   3:07   0:00 
Auston Matthews          1  0  1   1  0   9  1  0  0  0  15/36  24:02   4:49   0:00 
Brad Marchand            0  1  1   1  0   4  3  0  0  0  0/1    23:13   4:31   0:00 
Connor McDavid           0  1  1  -1  0   9  1  0  0  0  18/34  25:16   5:49   1:14 
David Kampf              0  0  0   0  0   2  1  0  0  0  9/13   10:16   0:00   4:09 
Ian Cole                 0  0  0  -1  0   0  6  1  0  0  0/0    20:30   0:00   2:45 
J.T. Miller              0  0  0  -1  4   8  2  0  0  0  1/3    23:36   4:49   0:36 
Jared Spurgeon           0  0  0  -1  0   0  0  2  0  0  0/0    22:46   0:00   3:58 
Jonas Brodin             0  0  0   0  0   1  2  3  0  0  0/0    21:02   0:00   3:12 
Matthew Benning          0  1  1   0  2   1  2  2  0  0  0/0    21:55   2:07   1:27 
Morgan Rielly            0  0  0   0  0   0  1  0  0  0  0/0    21:47   3:25   0:00 
Nick Schmaltz            0  0  0   1  0   6  1  0  0  0  1/3    21:49   3:07   0:00 
Oskar Sundqvist          0  0  0   0  0   0  1  0  0  0  1/1     6:07   0:00   0:00 
Radek Faksa              0  0  0   0  0   2  1  0  0  0  0/0     7:55   0:00   1:48 
Rasmus Andersson         0  1  1   0  0   0  1  3  0  0  0/0    19:25   0:00   0:32 
Sam Bennett              0  0  0  -1  0   3  2  0  0  0  8/15   14:34   3:07   0:00 
Sam Reinhart             1  0  1  -1  0   9  1  1  0  0  0/1    22:05   4:49   0:00 
Yanni Gourde             0  0  0  -1  2   3  0  0  0  0  0/0    15:33   0:00   4:07 

3 Stars

1 - Akira Schmid (SJS)
2 - Noah Hanifin (SJS)
3 - Nikita Kucherov (SJS)

Power Play

Sharks - 0 on 3 Attempt(s) - 0.00%
Oilers - 0 on 4 Attempt(s) - 0.00%

Penalty Kill

Sharks - 4 on 4 Attempt(s) - 100.00% - Score 0 goal in Penalty Kill
Oilers - 3 on 3 Attempt(s) - 100.00% - Score 0 goal in Penalty Kill

Team Stat

Sharks - Hits : 19 - Faceoff Wins : 56 - Blocked Shots : 18 - Penalty Minutes : 10
Oilers - Hits : 26 - Faceoff Wins : 54 - Blocked Shots : 12 - Penalty Minutes : 8

Official

Referees : Mitch Dunning and Jon Mcisaac
Linesman : Brandon Gawryletz and Ryan Gibbons

Game Notes

No Game Note

Finance

Level 1 -- Attendance: 6000 (100.00%) -- Ticket Income $780,000
Level 2 -- Attendance: 5000 (100.00%) -- Ticket Income $225,000
Level 3 -- Attendance: 2000 (100.00%) -- Ticket Income $80,000
Level 4 -- Attendance: 4000 (100.00%) -- Ticket Income $140,000
Luxury Box -- Attendance: 1000 (100.00%) -- Ticket Income $100,000
Game was played at the Rexall Place.
Total Attendance: 18000 (100.00%)
Total Ticket Income: $1,325,000
Other Income: $649,250
Total Income: $1,974,250

Sharks

5 vs 5 Forward 
   Center                   Left Wing                Right Wing               Time % Phy DF OF 
 1 Ryan O'Reilly            Artturi Lehkonen         Colton Sissons           27     0   3  2  
 2 Sidney Crosby            Alex Ovechkin            Nikita Kucherov          27     0   1  4  
 3 Patrice Bergeron         John Tavares             Zach Hyman               27     0   2  3  
 4 Phillip Danault          Jakub Vrana              Artturi Lehkonen         19     0   4  1  

5 vs 5 Defense 
   Defense                  Defense                                           Time % Phy DF OF 
 1 Noah Hanifin             Mattias Ekholm                                    34     1   2  2  
 2 Kevin Shattenkirk        Ivan Provorov                                     33     1   2  2  
 3 Alexander Edler          Guillaume Brisebois                               33     1   2  2  
 4 Niko Mikkola             Noah Hanifin                                      0      1   2  2  

PowerPlay Forward 
   Center                   Left Wing                Right Wing               Time % Phy DF OF 
 1 Sidney Crosby            Alex Ovechkin            Nikita Kucherov          60     0   1  4  
 2 Ryan O'Reilly            John Tavares             Artturi Lehkonen         40     0   1  4  

PowerPlay Defense
   Defense                  Defense                                           Time % Phy DF OF 
 1 Ivan Provorov            Patrice Bergeron                                  60     0   1  4  
 2 Noah Hanifin             Kevin Shattenkirk                                 40     0   1  4  

Penalty Kill 4 Players Forward 
   Center                   Wing                     Time % Phy DF OF 
 1 Phillip Danault          Ryan O'Reilly            60     0   5  0  
 2 Patrice Bergeron         Colton Sissons           40     0   5  0  

Penalty Kill 4 Players Defense
   Defense                  Defense                  Time % Phy DF OF 
 1 Alexander Edler          Ivan Provorov            60     0   5  0  
 2 Noah Hanifin             Guillaume Brisebois      40     0   5  0  

Penalty Kill - 3 Players Forward 
   Forward                                           Time % Phy DF OF 
 1 Colton Sissons                                    60     1   2  2  
 2 Phillip Danault                                   40     1   2  2  

Penalty Kill - 3 Players Defense
   Defense                  Defense                  Time % Phy DF OF 
 1 Niko Mikkola             Ivan Provorov            60     1   2  2  
 2 Noah Hanifin             Niko Mikkola             40     1   2  2  

4 vs 4 Forward 
   Center                   Wing                     Time % Phy DF OF 
 1 John Tavares             Alex Ovechkin            60     0   1  4  
 2 Sidney Crosby            Nikita Kucherov          40     0   1  4  

4 vs 4 Defense
   Defense                  Defense                  Time % Phy DF OF 
 1 Kevin Shattenkirk        Ivan Provorov            60     1   2  2  
 2 Noah Hanifin             Alexander Edler          40     1   2  2  

Last Minutes Offensive
   Center                   Left Wing                Right Wing               Defense                  Defense                  
   Sidney Crosby            Alex Ovechkin            Nikita Kucherov          John Tavares             Kevin Shattenkirk        

Last Minutes Defensive
   Center                   Left Wing                Right Wing               Defense                  Defense                  
   Ryan O'Reilly            Artturi Lehkonen         Colton Sissons           Ivan Provorov            Noah Hanifin             

Goaltenders
Starting : Akira Schmid             
Backup : Vitek Vanecek            

Extra Forwards
Normal : Sidney Crosby, Artturi Lehkonen, Phillip Danault - PP : Patrice Bergeron, Zach Hyman - PK : Artturi Lehkonen
Extra Defensemen
Normal : Kevin Shattenkirk, Niko Mikkola, Noah Hanifin - PP : Kevin Shattenkirk - PK : Niko Mikkola, Ivan Provorov
Penalty Shots
Artturi Lehkonen, Sidney Crosby, Ryan O'Reilly, Nikita Kucherov, Kevin Shattenkirk
Custom OT Lines Forwards
John Tavares, Artturi Lehkonen, Sidney Crosby, Alex Ovechkin, Nikita Kucherov, Zach Hyman, Ryan O'Reilly, Colton Sissons, Patrice Bergeron, Phillip Danault
Custom OT Lines Defensemen
Niko Mikkola, Noah Hanifin, Ivan Provorov, Alexander Edler, Kevin Shattenkirk

Scratches
Andy Andreoff (Healthy)

Oilers

5 vs 5 Forward 
   Center                   Left Wing                Right Wing               Time % Phy DF OF 
 1 Connor McDavid           J.T. Miller              Sam Reinhart             39     0   4  1  
 2 Auston Matthews          Brad Marchand            Nick Schmaltz            39     0   4  1  
 3 Sam Bennett              Andre Burakovsky         Yanni Gourde             19     0   4  1  
 4 David Kampf              Radek Faksa              Oskar Sundqvist          3      0   4  1  

5 vs 5 Defense 
   Defense                  Defense                                           Time % Phy DF OF 
 1 Rasmus Andersson         Jonas Brodin                                      33     0   4  1  
 2 Morgan Rielly            Matthew Benning                                   33     0   4  1  
 3 Ian Cole                 Jared Spurgeon                                    33     0   4  1  
 4 Jared Spurgeon           Rasmus Andersson                                  1      0   4  1  

PowerPlay Forward 
   Center                   Left Wing                Right Wing               Time % Phy DF OF 
 1 Auston Matthews          J.T. Miller              Sam Reinhart             65     0   0  5  
 2 Sam Bennett              Andre Burakovsky         Nick Schmaltz            35     0   0  5  

PowerPlay Defense
   Defense                  Defense                                           Time % Phy DF OF 
 1 Connor McDavid           Brad Marchand                                     65     0   0  5  
 2 Connor McDavid           Morgan Rielly                                     35     0   0  5  

Penalty Kill 4 Players Forward 
   Center                   Wing                     Time % Phy DF OF 
 1 David Kampf              Yanni Gourde             60     0   5  0  
 2 J.T. Miller              Radek Faksa              40     0   5  0  

Penalty Kill 4 Players Defense
   Defense                  Defense                  Time % Phy DF OF 
 1 Jared Spurgeon           Jonas Brodin             60     0   5  0  
 2 Ian Cole                 Matthew Benning          40     0   5  0  

Penalty Kill - 3 Players Forward 
   Forward                                           Time % Phy DF OF 
 1 David Kampf                                       60     0   5  0  
 2 Yanni Gourde                                      40     0   5  0  

Penalty Kill - 3 Players Defense
   Defense                  Defense                  Time % Phy DF OF 
 1 Jared Spurgeon           Ian Cole                 60     0   5  0  
 2 Matthew Benning          Jonas Brodin             40     0   5  0  

4 vs 4 Forward 
   Center                   Wing                     Time % Phy DF OF 
 1 Connor McDavid           J.T. Miller              60     0   1  4  
 2 Auston Matthews          Sam Reinhart             40     0   1  4  

4 vs 4 Defense
   Defense                  Defense                  Time % Phy DF OF 
 1 Jared Spurgeon           Rasmus Andersson         60     0   2  3  
 2 Morgan Rielly            Matthew Benning          40     0   2  3  

Last Minutes Offensive
   Center                   Left Wing                Right Wing               Defense                  Defense                  
   Auston Matthews          J.T. Miller              Sam Reinhart             Connor McDavid           Brad Marchand            

Last Minutes Defensive
   Center                   Left Wing                Right Wing               Defense                  Defense                  
   David Kampf              J.T. Miller              Yanni Gourde             Jared Spurgeon           Matthew Benning          

Goaltenders
Starting : Connor Hellebuyck        
Backup : Jaroslav Halak           

Extra Forwards
Normal : Connor McDavid, Auston Matthews, J.T. Miller - PP : Auston Matthews, Connor McDavid - PK : Connor McDavid
Extra Defensemen
Normal : Jared Spurgeon, Jonas Brodin, Morgan Rielly - PP : Matthew Benning - PK : Jared Spurgeon, Rasmus Andersson
Penalty Shots
Connor McDavid, Auston Matthews, J.T. Miller, Rasmus Andersson, David Kampf
Custom OT Lines Forwards
Connor McDavid, Auston Matthews, J.T. Miller, Sam Reinhart, Brad Marchand, Nick Schmaltz, Sam Bennett, Andre Burakovsky, Yanni Gourde, David Kampf
Custom OT Lines Defensemen
Jared Spurgeon, Rasmus Andersson, Morgan Rielly, Jonas Brodin, Matthew Benning

Scratches
None


% Time on Ice - Sharks

Lines # - Real PCT - Wanted PCT - Time Play
Normal Forward
1 - 23% - 27% - 12:14
2 - 31% - 27% - 16:11
3 - 30% - 27% - 16:06
4 - 16% - 19% - 8:30
Normal Defense
1 - 33% - 34% - 17:34
2 - 32% - 33% - 17:07
3 - 31% - 33% - 16:41
4 - 3% - 0% - 1:39
PP Forward
1 - 62% - 60% - 3:43
2 - 38% - 40% - 2:14
PP Defense
1 - 62% - 60% - 3:43
2 - 38% - 40% - 2:14
PK Forward
1 - 74% - 60% - 5:51
2 - 26% - 40% - 2:05
PK Defense
1 - 51% - 60% - 4:05
2 - 49% - 40% - 3:51
PK3 Forward
1 - 0% - 60%
2 - 0% - 40%
PK3 Defense
1 - 0% - 60%
2 - 0% - 40%
44 Forward
1 - 67% - 60% - 1:20
2 - 33% - 40% - 0:39
44 Defense
1 - 67% - 60% - 1:20
2 - 33% - 40% - 0:39
Last Minute Offensive  - 0:00
Last Minute Defensive  - 0:00
Total
Forward - 68:53
Defense - 68:53

% Time on Ice - Oilers

Lines # - Real PCT - Wanted PCT - Time Play
Normal Forward
1 - 32% - 39% - 16:45
2 - 35% - 39% - 18:42
3 - 22% - 19% - 11:27
4 - 12% - 3% - 6:07
Normal Defense
1 - 34% - 33% - 17:50
2 - 33% - 33% - 17:26
3 - 33% - 33% - 17:45
4 - 0% - 1% - 0:00
PP Forward
1 - 61% - 65% - 4:49
2 - 39% - 35% - 3:07
PP Defense
1 - 57% - 65% - 4:31
2 - 43% - 35% - 3:25
PK Forward
1 - 70% - 60% - 4:09
2 - 30% - 40% - 1:48
PK Defense
1 - 54% - 60% - 3:12
2 - 46% - 40% - 2:45
PK3 Forward
1 - 0% - 60%
2 - 0% - 40%
PK3 Defense
1 - 0% - 60%
2 - 0% - 40%
44 Forward
1 - 74% - 60% - 1:28
2 - 26% - 40% - 0:31
44 Defense
1 - 53% - 60% - 1:03
2 - 47% - 40% - 0:56
Last Minute Offensive  - 0:00
Last Minute Defensive  - 0:00
Total
Forward - 68:53
Defense - 68:53

Play-by-Play

1st period


0:01 of 1st period - Connor McDavid wins face-off versus Ryan O'Reilly in neutral zone.
0:01 of 1st period - J.T. Miller is hit by Colton Sissons and loses puck.
0:09 of 1st period - Icing by Noah Hanifin.
0:10 of 1st period - Auston Matthews wins face-off versus Ryan O'Reilly in Sharks zone.
0:20 of 1st period - Off-side.
0:21 of 1st period - Sidney Crosby wins face-off versus Sam Bennett in neutral zone.
1:01 of 1st period - Shot by Andre Burakovsky.
1:01 of 1st period - Deflect By Sam Bennett.
1:01 of 1st period - Stopped by Akira Schmid without a rebound.
1:02 of 1st period - Connor McDavid wins face-off versus Patrice Bergeron in Sharks zone.
1:28 of 1st period - Icing by Guillaume Brisebois.
1:29 of 1st period - Patrice Bergeron wins face-off versus Auston Matthews in Sharks zone.
1:36 of 1st period - Shot by John Tavares.
1:36 of 1st period - Shot Hit the Post.
1:50 of 1st period - Shot by Morgan Rielly.
1:50 of 1st period - Shot Blocked by Guillaume Brisebois.
2:38 of 1st period - Icing by Artturi Lehkonen.
2:39 of 1st period - Phillip Danault wins face-off versus Connor McDavid in Sharks zone.
2:39 of 1st period - Phillip Danault is hit by J.T. Miller.
2:55 of 1st period - Shot by J.T. Miller.
2:55 of 1st period - Stopped by Akira Schmid with a rebound.
3:19 of 1st period - Shot by J.T. Miller.
3:19 of 1st period - Stopped by Akira Schmid without a rebound.
3:20 of 1st period - Sidney Crosby wins face-off versus David Kampf in Sharks zone.
3:20 of 1st period - Nikita Kucherov is hit by Oskar Sundqvist.
4:00 of 1st period - Icing by Rasmus Andersson.
4:01 of 1st period - Ryan O'Reilly wins face-off versus David Kampf in Oilers zone.
4:01 of 1st period - Ryan O'Reilly is hit by Rasmus Andersson.
4:05 of 1st period - Shot by Artturi Lehkonen.
4:05 of 1st period - Stopped by Connor Hellebuyck without a rebound.
4:06 of 1st period - Ryan O'Reilly wins face-off versus Auston Matthews in Oilers zone.
4:07 of 1st period - Shot by Artturi Lehkonen.
4:07 of 1st period - Shot Misses the Net.
4:09 of 1st period - Shot by Artturi Lehkonen.
4:09 of 1st period - Stopped by Connor Hellebuyck without a rebound.
4:10 of 1st period - Auston Matthews wins face-off versus Ryan O'Reilly in Oilers zone.
4:17 of 1st period - Shot by Auston Matthews.
4:17 of 1st period - Stopped by Akira Schmid without a rebound.
4:18 of 1st period - Ryan O'Reilly wins face-off versus Connor McDavid in Sharks zone.
4:45 of 1st period - Shot by J.T. Miller.
4:45 of 1st period - Stopped by Akira Schmid without a rebound.
4:46 of 1st period - Patrice Bergeron wins face-off versus Auston Matthews in Sharks zone.
5:00 of 1st period - Shot by Nick Schmaltz.
5:00 of 1st period - Shot Hit the Post.
5:02 of 1st period - Shot by Jonas Brodin.
5:02 of 1st period - Shot Misses the Net.
5:14 of 1st period - Shot by Auston Matthews.
5:14 of 1st period - Goal by Auston Matthews - Sharks : 0 - Oilers : 1.
5:15 of 1st period - Sam Bennett wins face-off versus Ryan O'Reilly in neutral zone.
5:45 of 1st period - Shot by Ryan O'Reilly.
5:45 of 1st period - Stopped by Connor Hellebuyck with a rebound.
5:47 of 1st period - Shot by Ryan O'Reilly.
5:47 of 1st period - Stopped by Connor Hellebuyck without a rebound.
5:48 of 1st period - Connor McDavid wins face-off versus Sidney Crosby in Oilers zone.
6:03 of 1st period - Shot by Sidney Crosby.
6:03 of 1st period - Shot Misses the Net.
6:16 of 1st period - Sidney Crosby is hit by Ian Cole.
6:41 of 1st period - Icing by J.T. Miller.
6:42 of 1st period - Connor McDavid wins face-off versus Phillip Danault in Oilers zone.
7:13 of 1st period - Shot by Artturi Lehkonen.
7:13 of 1st period - Shot Blocked by Jonas Brodin.
7:36 of 1st period - Icing by Auston Matthews.
7:37 of 1st period - Sidney Crosby wins face-off versus Auston Matthews in Oilers zone.
9:12 of 1st period - Icing by Ian Cole.
9:13 of 1st period - Connor McDavid wins face-off versus Ryan O'Reilly in Oilers zone.
9:30 of 1st period - Shot by Sam Reinhart.
9:30 of 1st period - Stopped by Akira Schmid without a rebound.
9:31 of 1st period - Auston Matthews wins face-off versus Alex Ovechkin in Sharks zone.
9:59 of 1st period - Shot by Alex Ovechkin.
9:59 of 1st period - Shot Misses the Net.
10:05 of 1st period - Mattias Ekholm is hit by Brad Marchand and loses puck.
11:02 of 1st period - Shot by Artturi Lehkonen.
11:02 of 1st period - Shot Misses the Net.
11:08 of 1st period - Ryan O'Reilly is hit by Radek Faksa and loses puck.
11:16 of 1st period - Icing by Ivan Provorov.
11:17 of 1st period - Ryan O'Reilly wins face-off versus Connor McDavid in Sharks zone.
11:50 of 1st period - Shot by John Tavares.
11:50 of 1st period - Shot Misses the Net.
11:52 of 1st period - Shot by Guillaume Brisebois.
11:52 of 1st period - Stopped by Connor Hellebuyck without a rebound.
11:53 of 1st period - Auston Matthews wins face-off versus John Tavares in Oilers zone.
11:53 of 1st period - Auston Matthews is hit by John Tavares.
12:17 of 1st period - Nick Schmaltz is hit by Guillaume Brisebois and loses puck.
13:00 of 1st period - Shot by Jakub Vrana.
13:00 of 1st period - Goal by Jakub Vrana - Sharks : 1 - Oilers : 1.
13:01 of 1st period - Connor McDavid wins face-off versus Sidney Crosby in neutral zone.
13:10 of 1st period - Shot by Sam Reinhart.
13:10 of 1st period - Shot Misses the Net.
13:12 of 1st period - Shot by Sam Reinhart.
13:12 of 1st period - Stopped by Akira Schmid with a rebound.
13:14 of 1st period - Shot by Sam Reinhart.
13:14 of 1st period - Stopped by Akira Schmid without a rebound.
13:15 of 1st period - Sam Bennett wins face-off versus Ryan O'Reilly in Sharks zone.
13:48 of 1st period - Minor Penalty to Yanni Gourde for Roughing.
13:48 of 1st period - Minor Penalty to Mattias Ekholm for Roughing.
13:49 of 1st period - Connor McDavid wins face-off versus John Tavares in Sharks zone.
14:00 of 1st period - Shot by John Tavares.
14:00 of 1st period - Stopped by Connor Hellebuyck without a rebound.
14:01 of 1st period - Connor McDavid wins face-off versus John Tavares in Oilers zone.
14:35 of 1st period - Shot by Ivan Provorov.
14:35 of 1st period - Stopped by Connor Hellebuyck with a rebound.
15:01 of 1st period - Shot by Nikita Kucherov.
15:01 of 1st period - Shot Blocked by Sam Reinhart.
15:11 of 1st period - Noah Hanifin is hit by Auston Matthews and loses puck.
15:22 of 1st period - Shot by Auston Matthews.
15:22 of 1st period - Stopped by Akira Schmid without a rebound.
15:23 of 1st period - John Tavares wins face-off versus Connor McDavid in Sharks zone.
16:05 of 1st period - Shot by Artturi Lehkonen.
16:05 of 1st period - Stopped by Connor Hellebuyck without a rebound.
16:06 of 1st period - Ryan O'Reilly wins face-off versus Auston Matthews in Oilers zone.
16:12 of 1st period - Nick Schmaltz is hit by Alexander Edler and loses puck.
16:17 of 1st period - Shot by Nick Schmaltz.
16:17 of 1st period - Shot Misses the Net.
16:19 of 1st period - Shot by Nick Schmaltz.
16:19 of 1st period - Shot Misses the Net.
16:39 of 1st period - Shot by Auston Matthews.
16:39 of 1st period - Stopped by Akira Schmid without a rebound.
16:40 of 1st period - Sam Bennett wins face-off versus Sidney Crosby in Sharks zone.
17:33 of 1st period - Shot by John Tavares.
17:33 of 1st period - Shot Blocked by Rasmus Andersson.
17:41 of 1st period - Shot by Zach Hyman.
17:41 of 1st period - Shot Blocked by Rasmus Andersson.
17:43 of 1st period - Shot by Zach Hyman.
17:43 of 1st period - Stopped by Connor Hellebuyck with a rebound.
17:45 of 1st period - Shot by Ivan Provorov.
17:45 of 1st period - Shot Misses the Net.
17:47 of 1st period - Shot by Kevin Shattenkirk.
17:47 of 1st period - Shot Misses the Net.
17:49 of 1st period - Shot by John Tavares.
17:49 of 1st period - Stopped by Connor Hellebuyck without a rebound.
17:50 of 1st period - Connor McDavid wins face-off versus Phillip Danault in Oilers zone.
17:59 of 1st period - Shot by J.T. Miller.
17:59 of 1st period - Shot Misses the Net.
18:34 of 1st period - Icing by Connor McDavid.
18:35 of 1st period - Patrice Bergeron wins face-off versus Connor McDavid in Oilers zone.
18:40 of 1st period - Shot by John Tavares.
18:40 of 1st period - Shot Blocked by Matthew Benning.
18:46 of 1st period - Shot by Ivan Provorov.
18:46 of 1st period - Stopped by Connor Hellebuyck with a rebound.
18:47 of 1st period - Minor Penalty to Matthew Benning for Cross-checking.
18:48 of 1st period - David Kampf wins face-off versus Sidney Crosby in Oilers zone.
19:53 of 1st period - Shot by Artturi Lehkonen.
19:53 of 1st period - Stopped by Connor Hellebuyck without a rebound.
19:54 of 1st period - J.T. Miller wins face-off versus Ryan O'Reilly in Oilers zone.
Goals for this period are 1 for Sharks vs 1 for Oilers.
Shots for this period are 13 for Sharks vs 11 for Oilers.

2nd period


0:01 of 2nd period - David Kampf wins face-off versus Sidney Crosby in neutral zone.
1:10 of 2nd period - Artturi Lehkonen is hit by Morgan Rielly and loses puck.
1:17 of 2nd period - Shot by Artturi Lehkonen.
1:17 of 2nd period - Stopped by Connor Hellebuyck with a rebound.
1:19 of 2nd period - Shot by Noah Hanifin.
1:19 of 2nd period - Stopped by Connor Hellebuyck without a rebound.
1:20 of 2nd period - Connor McDavid wins face-off versus Phillip Danault in Oilers zone.
1:37 of 2nd period - Shot by Artturi Lehkonen.
1:37 of 2nd period - Shot Misses the Net.
1:54 of 2nd period - Shot by J.T. Miller.
1:54 of 2nd period - Stopped by Akira Schmid with a rebound.
1:58 of 2nd period - Shot by Sam Reinhart.
1:58 of 2nd period - Stopped by Akira Schmid without a rebound.
1:59 of 2nd period - Patrice Bergeron wins face-off versus Auston Matthews in Sharks zone.
2:06 of 2nd period - Brad Marchand is hit by John Tavares and loses puck.
2:15 of 2nd period - Shot by Auston Matthews.
2:15 of 2nd period - Stopped by Akira Schmid without a rebound.
2:16 of 2nd period - Sidney Crosby wins face-off versus Sam Bennett in Sharks zone.
2:29 of 2nd period - Shot by Alex Ovechkin.
2:29 of 2nd period - Stopped by Connor Hellebuyck without a rebound.
2:30 of 2nd period - Auston Matthews wins face-off versus Zach Hyman in Oilers zone.
2:37 of 2nd period - Icing by Ivan Provorov.
2:38 of 2nd period - Patrice Bergeron wins face-off versus Auston Matthews in Sharks zone.
3:03 of 2nd period - Shot by Patrice Bergeron.
3:03 of 2nd period - Shot Blocked by Ian Cole.
3:11 of 2nd period - Minor Penalty to Ivan Provorov for Tripping.
3:12 of 2nd period - Phillip Danault wins face-off versus Auston Matthews in Sharks zone.
3:34 of 2nd period - Shot by Connor McDavid.
3:34 of 2nd period - Stopped by Akira Schmid with a rebound.
3:36 of 2nd period - Shot by Connor McDavid.
3:36 of 2nd period - Stopped by Akira Schmid with a rebound.
3:57 of 2nd period - Off-side.
3:58 of 2nd period - Phillip Danault wins face-off versus Sam Bennett in neutral zone.
4:01 of 2nd period - Nick Schmaltz is hit by Phillip Danault and loses puck.
4:27 of 2nd period - Shot by Nick Schmaltz.
4:27 of 2nd period - Shot Misses the Net.
5:14 of 2nd period - Icing by Ivan Provorov.
5:15 of 2nd period - Sidney Crosby wins face-off versus David Kampf in Sharks zone.
6:15 of 2nd period - Shot by Yanni Gourde.
6:15 of 2nd period - Shot Blocked by Nikita Kucherov.
6:22 of 2nd period - Yanni Gourde is hit by Ivan Provorov and loses puck.
6:45 of 2nd period - Shot by Andre Burakovsky.
6:45 of 2nd period - Shot Blocked by Noah Hanifin.
6:54 of 2nd period - Icing by Mattias Ekholm.
6:55 of 2nd period - Connor McDavid wins face-off versus John Tavares in Sharks zone.
7:04 of 2nd period - Shot by Connor McDavid.
7:04 of 2nd period - Shot Blocked by Patrice Bergeron.
7:12 of 2nd period - Shot by J.T. Miller.
7:12 of 2nd period - Stopped by Akira Schmid without a rebound.
7:13 of 2nd period - Auston Matthews wins face-off versus Ryan O'Reilly in Sharks zone.
7:22 of 2nd period - Shot by Auston Matthews.
7:22 of 2nd period - Shot Misses the Net.
7:44 of 2nd period - Icing by Auston Matthews.
7:45 of 2nd period - Auston Matthews wins face-off versus Patrice Bergeron in Oilers zone.
7:45 of 2nd period - Brad Marchand is hit by Zach Hyman and loses puck.
8:12 of 2nd period - Shot by Zach Hyman.
8:12 of 2nd period - Stopped by Connor Hellebuyck without a rebound.
8:13 of 2nd period - Phillip Danault wins face-off versus Connor McDavid in Oilers zone.
8:13 of 2nd period - Phillip Danault is hit by Matthew Benning.
8:25 of 2nd period - Shot by Connor McDavid.
8:25 of 2nd period - Shot Misses the Net.
8:27 of 2nd period - Shot by Matthew Benning.
8:27 of 2nd period - Stopped by Akira Schmid with a rebound.
8:38 of 2nd period - Sam Reinhart is hit by Kevin Shattenkirk.
8:47 of 2nd period - Minor Penalty to Kevin Shattenkirk for Slashing.
8:48 of 2nd period - Sam Bennett wins face-off versus Phillip Danault in Sharks zone.
8:51 of 2nd period - Shot by Connor McDavid.
8:51 of 2nd period - Stopped by Akira Schmid without a rebound.
8:52 of 2nd period - Phillip Danault wins face-off versus Sam Bennett in Sharks zone.
8:57 of 2nd period - Connor McDavid is hit by Phillip Danault and loses puck.
9:07 of 2nd period - Off-side.
9:08 of 2nd period - Auston Matthews wins face-off versus Phillip Danault in neutral zone.
9:19 of 2nd period - Shot by Connor McDavid.
9:19 of 2nd period - Shot Blocked by Ryan O'Reilly.
9:25 of 2nd period - Shot by Sam Reinhart.
9:25 of 2nd period - Stopped by Akira Schmid with a rebound.
9:27 of 2nd period - Shot by Connor McDavid.
9:27 of 2nd period - Shot Blocked by Ivan Provorov.
9:29 of 2nd period - Shot by J.T. Miller.
9:29 of 2nd period - Stopped by Akira Schmid with a rebound.
9:39 of 2nd period - Shot by Auston Matthews.
9:39 of 2nd period - Shot Misses the Net.
9:41 of 2nd period - Shot by Auston Matthews.
9:41 of 2nd period - Shot Misses the Net.
9:43 of 2nd period - Shot by Connor McDavid.
9:43 of 2nd period - Stopped by Akira Schmid with a rebound.
9:45 of 2nd period - Shot by Auston Matthews.
9:45 of 2nd period - Shot Blocked by Ivan Provorov.
9:47 of 2nd period - Shot by J.T. Miller.
9:47 of 2nd period - Shot Misses the Net.
10:09 of 2nd period - Shot by Nick Schmaltz.
10:09 of 2nd period - Stopped by Akira Schmid with a rebound.
10:25 of 2nd period - Shot by Brad Marchand.
10:25 of 2nd period - Stopped by Akira Schmid without a rebound.
10:26 of 2nd period - Auston Matthews wins face-off versus Artturi Lehkonen in Sharks zone.
10:27 of 2nd period - Shot by Connor McDavid.
10:27 of 2nd period - Shot Misses the Net.
10:29 of 2nd period - Shot by J.T. Miller.
10:29 of 2nd period - Shot Misses the Net.
11:05 of 2nd period - Radek Faksa is hit by Alex Ovechkin.
11:15 of 2nd period - Sidney Crosby is hit by Ian Cole and loses puck.
12:19 of 2nd period - Shot by Yanni Gourde.
12:19 of 2nd period - Stopped by Akira Schmid without a rebound.
12:20 of 2nd period - Phillip Danault wins face-off versus Auston Matthews in Sharks zone.
12:30 of 2nd period - Nick Schmaltz is hit by Guillaume Brisebois and loses puck.
12:35 of 2nd period - Shot by Auston Matthews.
12:35 of 2nd period - Shot Blocked by Alexander Edler.
12:37 of 2nd period - Shot by Brad Marchand.
12:37 of 2nd period - Deflect By Nick Schmaltz.
12:37 of 2nd period - Stopped by Akira Schmid without a rebound.
12:38 of 2nd period - Connor McDavid wins face-off versus Alex Ovechkin in Sharks zone.
12:45 of 2nd period - Shot by Sam Reinhart.
12:45 of 2nd period - Shot Misses the Net.
12:58 of 2nd period - Icing by Ivan Provorov.
12:59 of 2nd period - Sidney Crosby wins face-off versus Auston Matthews in Sharks zone.
13:03 of 2nd period - Kevin Shattenkirk is hit by Brad Marchand and loses puck.
13:13 of 2nd period - Shot by Auston Matthews.
13:13 of 2nd period - Shot Blocked by Kevin Shattenkirk.
13:26 of 2nd period - Icing by Rasmus Andersson.
13:27 of 2nd period - Ryan O'Reilly wins face-off versus Auston Matthews in Oilers zone.
13:31 of 2nd period - Shot by Colton Sissons.
13:31 of 2nd period - Shot Misses the Net.
13:33 of 2nd period - Shot by Colton Sissons.
13:33 of 2nd period - Stopped by Connor Hellebuyck with a rebound.
13:35 of 2nd period - Shot by Colton Sissons.
13:35 of 2nd period - Shot Misses the Net.
13:37 of 2nd period - Shot by Artturi Lehkonen.
13:37 of 2nd period - Stopped by Connor Hellebuyck without a rebound.
13:38 of 2nd period - Connor McDavid wins face-off versus Patrice Bergeron in Oilers zone.
14:33 of 2nd period - Minor Penalty to John Tavares for Hooking.
14:34 of 2nd period - Phillip Danault wins face-off versus Sam Bennett in Sharks zone.
14:34 of 2nd period - Phillip Danault is hit by Sam Bennett.
14:51 of 2nd period - Icing by Andre Burakovsky.
14:52 of 2nd period - Phillip Danault wins face-off versus Sam Bennett in Oilers zone.
15:05 of 2nd period - Shot by Brad Marchand.
15:05 of 2nd period - Stopped by Akira Schmid with a rebound.
15:07 of 2nd period - Shot by Nick Schmaltz.
15:07 of 2nd period - Stopped by Akira Schmid with a rebound.
15:09 of 2nd period - Shot by Connor McDavid.
15:09 of 2nd period - Stopped by Akira Schmid with a rebound.
15:11 of 2nd period - Shot by Andre Burakovsky.
15:11 of 2nd period - Stopped by Akira Schmid with a rebound.
15:13 of 2nd period - Shot by Sam Bennett.
15:13 of 2nd period - Shot Misses the Net.
15:15 of 2nd period - Shot by Connor McDavid.
15:15 of 2nd period - Shot Misses the Net.
15:31 of 2nd period - Icing by J.T. Miller.
15:32 of 2nd period - Auston Matthews wins face-off versus Patrice Bergeron in Oilers zone.
16:43 of 2nd period - Shot by Kevin Shattenkirk.
16:43 of 2nd period - Stopped by Connor Hellebuyck without a rebound.
16:44 of 2nd period - David Kampf wins face-off versus Sidney Crosby in Oilers zone.
16:51 of 2nd period - Kevin Shattenkirk is hit by David Kampf and loses puck.
17:14 of 2nd period - Shot by Oskar Sundqvist.
17:14 of 2nd period - Deflect By David Kampf.
17:14 of 2nd period - Stopped by Akira Schmid without a rebound.
17:15 of 2nd period - Auston Matthews wins face-off versus Phillip Danault in Sharks zone.
17:15 of 2nd period - Jared Spurgeon is hit by Mattias Ekholm and loses puck.
17:28 of 2nd period - Shot by Brad Marchand.
17:28 of 2nd period - Shot Misses the Net.
18:34 of 2nd period - Shot by Patrice Bergeron.
18:34 of 2nd period - Shot Blocked by Matthew Benning.
19:13 of 2nd period - Shot by Andre Burakovsky.
19:13 of 2nd period - Stopped by Akira Schmid without a rebound.
19:14 of 2nd period - David Kampf wins face-off versus Alex Ovechkin in Sharks zone.
19:21 of 2nd period - Shot by David Kampf.
19:21 of 2nd period - Shot Blocked by Kevin Shattenkirk.
19:23 of 2nd period - Shot by David Kampf.
19:23 of 2nd period - Stopped by Akira Schmid without a rebound.
19:24 of 2nd period - Ryan O'Reilly wins face-off versus Brad Marchand in Sharks zone.
19:43 of 2nd period - Jonas Brodin is hit by Artturi Lehkonen and loses puck.
19:50 of 2nd period - Shot by Ryan O'Reilly.
19:50 of 2nd period - Stopped by Connor Hellebuyck without a rebound.
19:51 of 2nd period - Connor McDavid wins face-off versus Nikita Kucherov in Oilers zone.
Goals for this period are 0 for Sharks vs 0 for Oilers.
Shots for this period are 8 for Sharks vs 22 for Oilers.

3rd period


0:01 of 3rd period - Ryan O'Reilly wins face-off versus Connor McDavid in neutral zone.
0:10 of 3rd period - Shot by Artturi Lehkonen.
0:10 of 3rd period - Shot Misses the Net.
0:12 of 3rd period - Shot by Alexander Edler.
0:12 of 3rd period - Shot Misses the Net.
0:14 of 3rd period - Shot by Ryan O'Reilly.
0:14 of 3rd period - Stopped by Connor Hellebuyck without a rebound.
0:15 of 3rd period - Patrice Bergeron wins face-off versus Auston Matthews in Oilers zone.
0:15 of 3rd period - Zach Hyman is hit by Ian Cole and loses puck.
1:15 of 3rd period - Connor McDavid is hit by Alexander Edler and loses puck.
1:20 of 3rd period - Shot by Sam Reinhart.
1:20 of 3rd period - Goal by Sam Reinhart - Sharks : 1 - Oilers : 2.
1:21 of 3rd period - Sam Bennett wins face-off versus Sidney Crosby in neutral zone.
2:11 of 3rd period - Minor Penalty to Ivan Provorov for Hooking.
2:12 of 3rd period - Phillip Danault wins face-off versus Auston Matthews in Sharks zone.
2:21 of 3rd period - Shot by Connor McDavid.
2:21 of 3rd period - Stopped by Akira Schmid without a rebound.
2:22 of 3rd period - Phillip Danault wins face-off versus Auston Matthews in Sharks zone.
2:22 of 3rd period - Phillip Danault is hit by Sam Reinhart.
2:29 of 3rd period - Icing by Sam Reinhart.
2:30 of 3rd period - Auston Matthews wins face-off versus Phillip Danault in Oilers zone.
2:37 of 3rd period - Shot by Auston Matthews.
2:37 of 3rd period - Stopped by Akira Schmid without a rebound.
2:38 of 3rd period - Phillip Danault wins face-off versus Sam Reinhart in Sharks zone.
2:38 of 3rd period - Phillip Danault is hit by J.T. Miller.
2:53 of 3rd period - Icing by Auston Matthews.
2:54 of 3rd period - Auston Matthews wins face-off versus Phillip Danault in Oilers zone.
3:10 of 3rd period - Icing by J.T. Miller.
3:11 of 3rd period - Phillip Danault wins face-off versus Auston Matthews in Oilers zone.
3:50 of 3rd period - Shot by Connor McDavid.
3:50 of 3rd period - Stopped by Akira Schmid with a rebound.
3:52 of 3rd period - Shot by Andre Burakovsky.
3:52 of 3rd period - Shot Blocked by Niko Mikkola.
3:54 of 3rd period - Shot by Connor McDavid.
3:54 of 3rd period - Stopped by Akira Schmid with a rebound.
3:56 of 3rd period - Shot by Morgan Rielly.
3:56 of 3rd period - Shot Misses the Net.
3:58 of 3rd period - Shot by Sam Bennett.
3:58 of 3rd period - Stopped by Akira Schmid with a rebound.
4:00 of 3rd period - Shot by Morgan Rielly.
4:00 of 3rd period - Shot Blocked by Phillip Danault.
4:02 of 3rd period - Shot by Nick Schmaltz.
4:02 of 3rd period - Stopped by Akira Schmid with a rebound.
4:04 of 3rd period - Shot by Nick Schmaltz.
4:04 of 3rd period - Stopped by Akira Schmid without a rebound.
4:05 of 3rd period - Patrice Bergeron wins face-off versus Sam Bennett in Sharks zone.
5:12 of 3rd period - John Tavares is hit by Sam Bennett and loses puck.
5:26 of 3rd period - Icing by Noah Hanifin.
5:27 of 3rd period - Patrice Bergeron wins face-off versus Auston Matthews in Sharks zone.
5:27 of 3rd period - Patrice Bergeron is hit by Brad Marchand.
5:43 of 3rd period - Shot by Auston Matthews.
5:43 of 3rd period - Stopped by Akira Schmid without a rebound.
5:44 of 3rd period - Connor McDavid wins face-off versus Ryan O'Reilly in Sharks zone.
5:50 of 3rd period - Minor Penalty to J.T. Miller for High sticking.
5:51 of 3rd period - David Kampf wins face-off versus Sidney Crosby in Oilers zone.
6:01 of 3rd period - Off-side.
6:02 of 3rd period - David Kampf wins face-off versus Artturi Lehkonen in neutral zone.
8:04 of 3rd period - Shot by Brad Marchand.
8:04 of 3rd period - Stopped by Akira Schmid with a rebound.
8:29 of 3rd period - Icing by Nick Schmaltz.
8:30 of 3rd period - Sidney Crosby wins face-off versus Auston Matthews in Oilers zone.
8:36 of 3rd period - Sidney Crosby is hit by Matthew Benning and loses puck.
8:51 of 3rd period - Shot by Sidney Crosby.
8:51 of 3rd period - Shot Misses the Net.
8:53 of 3rd period - Shot by Mattias Ekholm.
8:53 of 3rd period - Stopped by Connor Hellebuyck without a rebound.
8:54 of 3rd period - Connor McDavid wins face-off versus Patrice Bergeron in Oilers zone.
9:10 of 3rd period - Shot by Connor McDavid.
9:10 of 3rd period - Stopped by Akira Schmid without a rebound.
9:11 of 3rd period - Sam Bennett wins face-off versus Sidney Crosby in Sharks zone.
9:42 of 3rd period - Shot by Yanni Gourde.
9:42 of 3rd period - Stopped by Akira Schmid without a rebound.
9:43 of 3rd period - Patrice Bergeron wins face-off versus Connor McDavid in Sharks zone.
9:52 of 3rd period - Shot by Patrice Bergeron.
9:52 of 3rd period - Shot Blocked by Jonas Brodin.
9:54 of 3rd period - Shot by Noah Hanifin.
9:54 of 3rd period - Goal by Noah Hanifin - Sharks : 2 - Oilers : 2.
9:55 of 3rd period - Ryan O'Reilly wins face-off versus Auston Matthews in neutral zone.
10:11 of 3rd period - Shot by Artturi Lehkonen.
10:11 of 3rd period - Shot Blocked by Rasmus Andersson.
10:13 of 3rd period - Shot by Colton Sissons.
10:13 of 3rd period - Shot Misses the Net.
10:15 of 3rd period - Shot by Ryan O'Reilly.
10:15 of 3rd period - Shot Blocked by Jonas Brodin.
10:17 of 3rd period - Shot by Artturi Lehkonen.
10:17 of 3rd period - Stopped by Connor Hellebuyck without a rebound.
10:18 of 3rd period - Connor McDavid wins face-off versus Patrice Bergeron in Oilers zone.
10:18 of 3rd period - Connor McDavid is hit by Zach Hyman.
11:56 of 3rd period - Shot by Artturi Lehkonen.
11:56 of 3rd period - Stopped by Connor Hellebuyck with a rebound.
12:07 of 3rd period - Off-side.
12:08 of 3rd period - Alex Ovechkin wins face-off versus Andre Burakovsky in neutral zone.
12:31 of 3rd period - Shot by Yanni Gourde.
12:31 of 3rd period - Shot Blocked by Ivan Provorov.
12:56 of 3rd period - Icing by Kevin Shattenkirk.
12:57 of 3rd period - Sidney Crosby wins face-off versus Connor McDavid in Sharks zone.
13:12 of 3rd period - Sam Reinhart is hit by Ivan Provorov and loses puck.
13:21 of 3rd period - Shot by Sam Reinhart.
13:21 of 3rd period - Shot Blocked by Kevin Shattenkirk.
13:29 of 3rd period - Shot by J.T. Miller.
13:29 of 3rd period - Stopped by Akira Schmid without a rebound.
13:30 of 3rd period - Ryan O'Reilly wins face-off versus Auston Matthews in Sharks zone.
13:30 of 3rd period - Colton Sissons is hit by Nick Schmaltz and loses puck.
13:40 of 3rd period - Off-side.
13:41 of 3rd period - Patrice Bergeron wins face-off versus Andre Burakovsky in neutral zone.
13:47 of 3rd period - John Tavares is hit by Jonas Brodin and loses puck.
13:50 of 3rd period - Shot by Patrice Bergeron.
13:50 of 3rd period - Shot Misses the Net.
13:52 of 3rd period - Shot by Noah Hanifin.
13:52 of 3rd period - Shot Misses the Net.
13:54 of 3rd period - Shot by Patrice Bergeron.
13:54 of 3rd period - Shot Misses the Net.
14:09 of 3rd period - Patrice Bergeron is hit by Jonas Brodin and loses puck.
14:57 of 3rd period - Ryan O'Reilly is hit by Ian Cole.
14:59 of 3rd period - Shot by Artturi Lehkonen.
14:59 of 3rd period - Shot Misses the Net.
15:01 of 3rd period - Shot by Guillaume Brisebois.
15:01 of 3rd period - Shot Blocked by Jared Spurgeon.
15:03 of 3rd period - Shot by Ryan O'Reilly.
15:03 of 3rd period - Stopped by Connor Hellebuyck without a rebound.
15:04 of 3rd period - Auston Matthews wins face-off versus Sidney Crosby in Oilers zone.
15:16 of 3rd period - Shot by Nick Schmaltz.
15:16 of 3rd period - Stopped by Akira Schmid without a rebound.
15:17 of 3rd period - Phillip Danault wins face-off versus David Kampf in Sharks zone.
15:34 of 3rd period - Icing by Ian Cole.
15:35 of 3rd period - David Kampf wins face-off versus Zach Hyman in Oilers zone.
15:42 of 3rd period - Icing by Jared Spurgeon.
15:43 of 3rd period - David Kampf wins face-off versus Patrice Bergeron in Oilers zone.
15:43 of 3rd period - Jared Spurgeon is hit by Zach Hyman.
16:01 of 3rd period - Shot by Radek Faksa.
16:01 of 3rd period - Stopped by Akira Schmid without a rebound.
16:02 of 3rd period - Ryan O'Reilly wins face-off versus Connor McDavid in Sharks zone.
18:59 of 3rd period - Shot by Sam Reinhart.
18:59 of 3rd period - Stopped by Akira Schmid without a rebound.
19:00 of 3rd period - Oskar Sundqvist wins face-off versus Phillip Danault in Sharks zone.
19:01 of 3rd period - Shot by Radek Faksa.
19:01 of 3rd period - Stopped by Akira Schmid without a rebound.
19:02 of 3rd period - Phillip Danault wins face-off versus Auston Matthews in Sharks zone.
Goals for this period are 1 for Sharks vs 1 for Oilers.
Shots for this period are 6 for Sharks vs 17 for Oilers.

Overtime #1


0:01 of 1st overtime period - Ryan O'Reilly wins face-off versus Connor McDavid in neutral zone.
0:03 of 1st overtime period - Off-side.
0:04 of 1st overtime period - Connor McDavid wins face-off versus Ryan O'Reilly in neutral zone.
0:17 of 1st overtime period - Shot by Connor McDavid.
0:17 of 1st overtime period - Deflect By Sam Reinhart.
0:17 of 1st overtime period - Stopped by Akira Schmid with a rebound.
0:19 of 1st overtime period - Shot by J.T. Miller.
0:19 of 1st overtime period - Stopped by Akira Schmid without a rebound.
0:20 of 1st overtime period - Sidney Crosby wins face-off versus Nick Schmaltz in Sharks zone.
0:30 of 1st overtime period - Icing by Brad Marchand.
0:31 of 1st overtime period - Nick Schmaltz wins face-off versus Colton Sissons in Oilers zone.
0:48 of 1st overtime period - Shot by Colton Sissons.
0:48 of 1st overtime period - Stopped by Connor Hellebuyck with a rebound.
0:50 of 1st overtime period - Shot by Ryan O'Reilly.
0:50 of 1st overtime period - Shot Blocked by Jared Spurgeon.
0:55 of 1st overtime period - Ryan O'Reilly is hit by Ian Cole and loses puck.
1:10 of 1st overtime period - Shot by Colton Sissons.
1:10 of 1st overtime period - Stopped by Connor Hellebuyck with a rebound.
1:48 of 1st overtime period - Shot by Patrice Bergeron.
1:48 of 1st overtime period - Stopped by Connor Hellebuyck without a rebound.
1:49 of 1st overtime period - Sidney Crosby wins face-off versus J.T. Miller in Oilers zone.
2:43 of 1st overtime period - Icing by Connor McDavid.
2:44 of 1st overtime period - Ryan O'Reilly wins face-off versus Connor McDavid in Oilers zone.
2:45 of 1st overtime period - Shot by Artturi Lehkonen.
2:45 of 1st overtime period - Stopped by Connor Hellebuyck without a rebound.
2:46 of 1st overtime period - Andre Burakovsky wins face-off versus Colton Sissons in Oilers zone.
2:53 of 1st overtime period - Shot by Andre Burakovsky.
2:53 of 1st overtime period - Shot Misses the Net.
3:25 of 1st overtime period - Shot by Artturi Lehkonen.
3:25 of 1st overtime period - Stopped by Connor Hellebuyck without a rebound.
3:26 of 1st overtime period - Patrice Bergeron wins face-off versus Nick Schmaltz in Oilers zone.
3:28 of 1st overtime period - Zach Hyman is hit by Ian Cole.
3:38 of 1st overtime period - Shot by Nick Schmaltz.
3:38 of 1st overtime period - Shot Misses the Net.
3:44 of 1st overtime period - Shot by Nick Schmaltz.
3:44 of 1st overtime period - Shot Blocked by Ivan Provorov.
3:48 of 1st overtime period - Shot by Auston Matthews.
3:48 of 1st overtime period - Shot Misses the Net.
3:50 of 1st overtime period - Shot by Auston Matthews.
3:50 of 1st overtime period - Stopped by Akira Schmid without a rebound.
3:51 of 1st overtime period - Sidney Crosby wins face-off versus Connor McDavid in Sharks zone.
3:51 of 1st overtime period - Alex Ovechkin is hit by Connor McDavid and loses puck.
4:02 of 1st overtime period - Shot by Sam Reinhart.
4:02 of 1st overtime period - Stopped by Akira Schmid without a rebound.
4:03 of 1st overtime period - Sam Bennett wins face-off versus Ryan O'Reilly in Sharks zone.
4:06 of 1st overtime period - Shot by Yanni Gourde.
4:06 of 1st overtime period - Stopped by Akira Schmid without a rebound.
4:07 of 1st overtime period - Ryan O'Reilly wins face-off versus Connor McDavid in Sharks zone.
4:29 of 1st overtime period - Icing by Alexander Edler.
4:30 of 1st overtime period - Auston Matthews wins face-off versus Ryan O'Reilly in Sharks zone.
4:39 of 1st overtime period - Shot by Brad Marchand.
4:39 of 1st overtime period - Shot Misses the Net.
4:41 of 1st overtime period - Shot by Brad Marchand.
4:41 of 1st overtime period - Deflect By Auston Matthews.
4:41 of 1st overtime period - Shot Misses the Net.
4:43 of 1st overtime period - Shot by Jonas Brodin.
4:43 of 1st overtime period - Shot Misses the Net.
4:45 of 1st overtime period - Shot by Rasmus Andersson.
4:45 of 1st overtime period - Shot Blocked by Alexander Edler.
4:55 of 1st overtime period - Shot by Auston Matthews.
4:55 of 1st overtime period - Stopped by Akira Schmid without a rebound.
4:56 of 1st overtime period - Patrice Bergeron wins face-off versus J.T. Miller in Sharks zone.
5:03 of 1st overtime period - Icing by Noah Hanifin.
5:04 of 1st overtime period - Patrice Bergeron wins face-off versus Connor McDavid in Sharks zone.
5:06 of 1st overtime period - Minor Penalty to J.T. Miller for Roughing.
5:07 of 1st overtime period - David Kampf wins face-off versus Sidney Crosby in Oilers zone.
5:26 of 1st overtime period - Shot by Yanni Gourde.
5:26 of 1st overtime period - Shot Blocked by Ivan Provorov.
6:06 of 1st overtime period - Shot by Ryan O'Reilly.
6:06 of 1st overtime period - Shot Misses the Net.
7:13 of 1st overtime period - Shot by Brad Marchand.
7:13 of 1st overtime period - Stopped by Akira Schmid with a rebound.
7:15 of 1st overtime period - Shot by Auston Matthews.
7:15 of 1st overtime period - Shot Misses the Net.
7:43 of 1st overtime period - Shot by Nick Schmaltz.
7:43 of 1st overtime period - Shot Misses the Net.
8:16 of 1st overtime period - Shot by Connor McDavid.
8:16 of 1st overtime period - Shot Blocked by Noah Hanifin.
8:18 of 1st overtime period - Shot by Jonas Brodin.
8:18 of 1st overtime period - Stopped by Akira Schmid without a rebound.
8:19 of 1st overtime period - Sam Bennett wins face-off versus Sidney Crosby in Sharks zone.
8:19 of 1st overtime period - Yanni Gourde is hit by Kevin Shattenkirk and loses puck.
8:22 of 1st overtime period - Shot by Sam Bennett.
8:22 of 1st overtime period - Stopped by Akira Schmid without a rebound.
8:23 of 1st overtime period - Sidney Crosby wins face-off versus Auston Matthews in Sharks zone.
8:30 of 1st overtime period - Shot by Alex Ovechkin.
8:30 of 1st overtime period - Deflect By Sidney Crosby.
8:30 of 1st overtime period - Stopped by Connor Hellebuyck without a rebound.
8:31 of 1st overtime period - Sidney Crosby wins face-off versus Connor McDavid in Oilers zone.
8:52 of 1st overtime period - Shot by Alex Ovechkin.
8:52 of 1st overtime period - Deflect By Nikita Kucherov.
8:52 of 1st overtime period - Goal by Nikita Kucherov - Sharks : 3 - Oilers : 2.
Goals for this period are 1 for Sharks vs 0 for Oilers.
Shots for this period are 7 for Sharks vs 9 for Oilers.